 Seeded DCSS version 0.32-a0-411-g744942f433 (webtiles) character file.

Game seed: 9488276093134209384 (custom seed)

1044 CougarLife the Digger (level 8, -13/41 HPs)
             Began as a Gargoyle Earth Elementalist on Feb 21, 2024.
             Mangled by an ogre
             ... wielding a +0 giant spiked club
              (29 damage)
             ... on level 4 of the Dungeon.
             The game lasted 00:04:51 (4392 turns).

CougarLife the Digger (Gargoyle Earth Elementalist) Turns: 4392, Time: 00:04:51

Health: -13/41     AC:  8    Str: 11    XL:     8   Next: 25%
Magic:  9/16       EV: 11    Int: 19    God:
Gold:   199        SH:  0    Dex: 10    Spells: 13/17 levels left

rFire   . . .        d - +0 dagger
rCold   . . .        (no shield)
rNeg    + . .        a - +0 robe
rPois   ∞            j - +0 helmet
rElec   +            (no cloak)
rCorr   .            (no gloves)
SInv    .            (no boots)
Will    .....        l - amulet of the acrobat
Stlth   ++           (no ring)
HPRegen 0.26/turn    (no ring)
MPRegen 0.15/turn

%: acrobat
@: no status effects
A: sickness immunity, AC +5, negative energy resistance 1, electricity
resistance, torment resistance 1, petrification resistance
a: no special abilities


You were on level 4 of the Dungeon.
You visited 1 branch of the dungeon, and saw 4 of its levels.
You also visited: Sewer.

You collected 199 gold pieces.

Inventory:

Hand Weapons
 d - a +0 dagger (weapon)
Armour
 a - a +0 robe (worn)
 j - a +0 helmet (worn)
Jewellery
 l - an amulet of the acrobat (around neck)
Scrolls
 c - a scroll of torment {unknown}
 e - a scroll of revelation {unknown}
 f - 4 scrolls of teleportation {unknown}
 h - 2 scrolls of identify {unknown}
 n - a scroll of amnesia {unknown}
 o - a scroll of brand weapon {unknown}
 q - 2 scrolls of enchant weapon {unknown}
 r - a scroll of noise {unknown}
 s - a scroll of immolation {unknown}
 t - a scroll of blinking {unknown}
Potions
 b - a potion of magic
 g - 2 potions of heal wounds {unknown}
 i - a potion of invisibility {unknown}
 k - a potion of haste {unknown}
 m - a potion of berserk rage {unknown}
 p - a potion of mutation {unknown}


   Skills:
 - Level 1.5 Dodging
 - Level 2.1 Stealth
 + Level 5.3 Spellcasting
 + Level 5.8 Conjurations
 + Level 7.4 Earth Magic


You had 13 spell levels left.
You knew the following spells:

 Your Spells              Type           Power      Damage    Failure   Level
a - Sandblast             Erth           66%        2d15      1%          1
b - Stone Arrow           Conj/Erth      60%        3d10      2%          3

Your spell library contained the following spells:

 Spells                   Type           Power      Damage    Failure   Level
 Passwall                 Erth           33%        N/A       1%          3
 Brom's Barrelling Bould  Conj/Erth      30%        2d5       8%          4
 Lee's Rapid Deconstruct  Erth           16%        3d10*     16%         5
 Animate Armour           Summ/Erth      38%        N/A       26%         4
 Petrify                  Alch/Erth      19%        N/A       26%         4
 Summon Lightning Spire   Summ/Air       5%         N/A       75%         4


Dungeon Overview and Level Annotations

Branches:
Dungeon (4/15)              Sewer (visited)
 Temple: D:4-7

Altars:
Okawaru

Shops:
D:2 *


Innate Abilities, Weirdness & Mutations

You are immune to sickness and miasma.
Your stone body is resilient. (AC +5)
You are immune to poison.
You resist negative energy. (rN+)
You are resistant to electric shocks. (rElec)
You are resistant to unholy torment.
You are immune to petrification.


Message History

The orc hits you but does no damage. The ogre barely misses you.
The orc hits you but does no damage.
Casting: Sandblast (safe; 1% risk of failure)
Confirm with . or Enter, or press ? or * to list all spells.
Aiming: Sandblast (safe; 1% risk of failure)
Press: ? - help, Shift-Dir - straight line, f - orc, p - orc
Aim: an orc, wielding a +0 short sword, quivering stones and carrying a wand of roots (84% to hit)
The blast of sand hits the orc!
You kill the orc!
An orc comes into view. It is wielding a +0 mace.
The ogre barely misses you.
Casting: Sandblast (safe; 1% risk of failure)
Confirm with . or Enter, or press ? or * to list all spells.
Aiming: Sandblast (safe; 1% risk of failure)
Press: ? - help, Shift-Dir - straight line, f - orc
Aim: an orc, wielding a +0 short sword, wearing a +0 chain mail and quivering stones (severely wounded, 88% to hit)
The blast of sand hits the orc!
You kill the orc!
The orc shouts!
The orc barely misses you.
The ogre hits you with a +0 giant spiked club!!
Ouch! That really hurt!
Casting: Sandblast (safe; 1% risk of failure)
Confirm with . or Enter, or press ? or * to list all spells.
Aiming: Sandblast (safe; 1% risk of failure)
Press: ? - help, Shift-Dir - straight line, f - orc
Aim: an orc, wielding a +0 flail, wearing a +0 ring mail and quivering stones (86% to hit)
The blast of sand hits the orc!
You kill the orc!
The ogre closely misses you.
Casting: Sandblast (safe; 1% risk of failure)
Confirm with . or Enter, or press ? or * to list all spells.
Aiming: Sandblast (safe; 1% risk of failure)
Press: ? - help, Shift-Dir - straight line, f - ogre
Aim: an ogre, wielding a +0 giant spiked club (moderately wounded, 92% to hit)
The blast of sand hits the ogre!!
The ogre is almost dead.
The ogre hits you with a +0 giant spiked club!!
Ouch! That really hurt!
You die...

############ .
...........### !.
########.....#########.#..
#.#.#...o.....().(.
########.#....@O....#.
.........###########....((
########.# #.#.# #.# ..
#.########### ?
#.....>.....#
#.#########.# #.# #.# #.#
#.# #.# #.# #.#


You could see an ogre and an orc.

Vanquished Creatures
  Sigmund (D:3)
  Menkaure (D:4)
  A phantom (D:4)
  2 brain worms (Sewer)
  A scorpion (D:4)
  An orc priest (D:3)
  Terence (D:3)
  3 orc wizards (D:3)
  Robin (D:2)
  3 adders
  4 gnolls (D:3)
  9 river rats
  2 dart slugs
  2 ribbon worms (D:3)
  9 orcs
  9 ball pythons
  7 bats
  10 endoplasms
  5 giant cockroaches
  8 goblins
  6 hobgoblins
  6 jackals
  5 kobolds
  6 quokkas
  10 frilled lizards
  8 rats
121 creatures vanquished.

Notes
Turn   | Place    | Note
-------+----------+-------------------------------------------
     0 | D:1      | CougarLife the Gargoyle Earth Elementalist began the quest
                  | for the Orb.
     0 | D:1      | Reached XP level 1. HP: 10/10 MP: 3/3
   143 | D:1      | Found a faded altar of an unknown god.
   168 | D:1      | Reached XP level 2. HP: 10/15 MP: 0/5
   261 | D:1      | Reached skill level 4 in Earth Magic
   316 | D:1      | Reached XP level 3. HP: 9/19 MP: 2/6
   945 | D:2      | Found Recef's General Store.
  1015 | D:2      | Reached XP level 4. HP: 24/24 MP: 6/8
  1019 | D:2      | Learned a level 3 spell: Stone Arrow
  1101 | D:2      | Noticed Robin
  1110 | D:2      | Killed Robin
  1843 | D:3      | Reached XP level 5. HP: 15/28 MP: 3/9
  1846 | D:3      | Found a glowing drain.
  1850 | Sewer    | Entered a sewer
  1928 | Sewer    | Reached skill level 5 in Earth Magic
  2231 | Sewer    | Reached XP level 6. HP: 23/32 MP: 4/11
  2999 | D:3      | Reached skill level 6 in Earth Magic
  2999 | D:3      | Reached XP level 7. HP: 29/36 MP: 10/13
  3520 | D:3      | Noticed Terence
  3526 | D:3      | Killed Terence
  3617 | D:3      | Noticed Sigmund
  3631 | D:3      | Killed Sigmund
  3632 | D:3      | Reached skill level 5 in Conjurations
  4058 | D:4      | Reached skill level 5 in Spellcasting
  4112 | D:4      | Noticed Menkaure
  4119 | D:4      | Killed Menkaure
  4120 | D:4      | Reached skill level 7 in Earth Magic
  4120 | D:4      | Reached XP level 8. HP: 30/41 MP: 10/15
  4232 | D:4      | Found an iron altar of Okawaru.
  4392 | D:4      | Mangled by an ogre

Illustrated notes

Levels and vault maps discovered:
D:1:      dpeg_arrival_snail, layout_basic, hellmonk_ecumenical_altar_crossroads
D:2:      layout_rooms, serial_aquarium, aquarium_bridge_straight
          [aquarium_subvault_bridge, aquarium_subvault_window,
          aquarium_subvault_bridge, aquarium_subvault_balcony],
          aquarium_window_corridor_2, aquarium_window_1, aquarium_window_1,
          aquarium_view_2d, aquarium_pool_four, serial_shops, shop, uniq_robin
D:3:      layout_loops_ring, gup_sewer_entry_spiral, uniq_terence, uniq_sigmund
D:4:      layout_loops_ring, mainiacjoe_overflow_paths,
          mainiacjoe_overflow_two_lobes, chequers_serial_rivers_large_a,
          dilly_guarded_unrand_devastator, uniq_menkaure

Skill      XL: |  1  2  3  4  5  6  7 |
---------------+----------------------+-----
Earth Magic    | 4 5 6 7 |  7.4
Conjurations   | 2 3 4 5 |  5.8
Spellcasting   | 3 4 5 |  5.3
Dodging        | |  1.5
Stealth        | |  2.1

Action                     |  1- 3 |  4- 6 |  7- 9 || total
---------------------------+-------+-------+-------++-------
  Melee: Unarmed           |     2 |       |       ||     2
         Dagger            |    19 |    31 |    13 ||    63
   Cast: Sandblast         |    38 |    92 |    58 ||   188
         Stone Arrow       |       |       |     9 ||     9
   Stab: Sleeping          |       |     1 |       ||     1
 Armour: Robe              |    30 |    68 |    34 ||   132
  Dodge: Dodged            |    29 |    48 |    31 ||   108

Table legend: (Time is in decaauts)
 A = Elapsed time spent in this place.
 B = Non-inter-level travel time spent in this place.
 C = Inter-level travel time spent in this place.
 D = Time resting spent in this place.
 E = Time spent auto-exploring this place.
 F = Levels seen in this place.
 G = Mean time per level.
                   A        B        C        D        E       F      G
               +--------+--------+--------+--------+--------+-----+--------+
         Total |   4646 |   4559 |     87 |    748 |   2899 |   5 |  929.2 |
       Dungeon |   3587 |   3500 |     87 |    554 |   2266 |   4 |  896.8 |
         Sewer |   1058 |   1058 |      0 |    194 |    632 |   1 | 1058.0 |
               +--------+--------+--------+--------+--------+-----+--------+

Top non-repeatable levels by time:
     D:3: 1452 daAuts
   Sewer: 1058 daAuts
     D:1: 960 daAuts
     D:2: 821 daAuts
     D:4: 353 daAuts
